 Dungeon Crawl Stone Soup version 0.27-a0-931-g5a74e75d8f (webtiles) character file.

Game seed: 3219894793723073982

9 Alarkh the Insei (level 2, 21/22 HPs)
             Began as a Demonspawn Gladiator on Apr 10, 2021.
             Got out of the dungeon alive.
             The game lasted 00:00:15 (249 turns).

Alarkh the Insei (Demonspawn Gladiator)              Turns: 249, Time: 00:00:16

Health: 21/22      AC:  6    Str: 14    XL:     2   Next: 3%
Magic:  2/2        EV: 12    Int:  9    God:
Gold:   32         SH:  0    Dex: 14    Spells: 1/1 levels left

rFire    . . .     SeeInvis .     - Unarmed
rCold    . . .     Faith    .   (no shield)
rNeg     . . .     Spirit   .   a - +0 leather armour
rPois    .         Reflect  .   b - +0 helmet
rElec    .         Harm     .   (no cloak)
rCorr    .         Rampage  .   (no gloves)
Will     .....                  (no boots)
Stlth    +.........             (no amulet)
HPRegen  0.07/turn              (no ring)
MPRegen  0.08/turn              (no ring)

@: no status effects
A: yellow scales 1
a: no special abilities


You escaped.
You visited 1 branch of the dungeon, and saw 1 of its levels.

You collected 32 gold pieces.

Inventory:

Missiles
 c - 3 throwing nets (quivered)
 e - 2 poisoned darts
Armour
 a - a +0 leather armour (worn)
 b - a +0 helmet (worn)
 f - a scarf of harm
Potions
 d - a potion of brilliance {unknown}


   Skills:
 + Level 2.2 Fighting
 - Level 1.7 Throwing
 - Level 2.6 Dodging
 * Level 3.1 Unarmed Combat


You had one spell level left.
You didn't know any spells.
Your spell library was empty.

Dungeon Overview and Level Annotations

Branches:
Dungeon (1/15)

Altars:


Innate Abilities, Weirdness & Mutations

You are partially covered in yellow scales. (AC +2)


Message History

The hobgoblin closely misses you.
You closely miss the bat.
The bat is severely wounded.
The bat closely misses you. The hobgoblin closely misses you.
Your leather armour prevents you from hitting the bat.
The bat is severely wounded.
The bat barely misses you. The hobgoblin misses you.
The bat hits you but does no damage.
You completely miss the bat.
The bat is severely wounded.
The bat barely misses you. The bat misses you. The hobgoblin misses you.
You hit the bat but do no damage.
The bat is severely wounded.
The bat completely misses you. The bat closely misses you.
The hobgoblin hits you but does no damage.
You barely miss the hobgoblin. The bat closely misses you.
The hobgoblin hits you.
You hit the bat.
You kill the bat!
The hobgoblin barely misses you.
You hit the hobgoblin but do no damage. The hobgoblin hits you.
You hit the hobgoblin.
The hobgoblin is almost dead.
The hobgoblin barely misses you.
You hit the hobgoblin but do no damage.
The hobgoblin is almost dead.
The hobgoblin hits you but does no damage.
You hit the hobgoblin.
You kill the hobgoblin!
You have reached level 2!
Your demonic ancestry asserts itself...
Yellow scales grow over part of your body.
HP restored.
Things that are here:
a +0 dagger; a goblin corpse You see here a +0 chain mail.
There is an open door here.
There is a staircase leading out of the dungeon here.
Are you sure you want to leave the Dungeon?
This will make you lose the game!
You have escaped!

......######.########.####
#...(..#.................#
#....#.#.#######'#######.#
#....#.# #.............#.#
#.###########.#.#
#.#.........#.#.#
#.#.#######.#.#.#
#.#.#.....#.#.#.###
#...#..@..#...#...#
#.#.#.....#.#.#.#.#
#.#.###.###.#.#.#.#
#.#.........#.#.#.#
#.###########.#.#.#
#.............#.#.#
#######'#######.#.#
................#.#
##.########.#####.#


There were no monsters in sight!

Vanquished Creatures
  2 bats (D:1)
  An endoplasm (D:1)
  A goblin (D:1)
  A hobgoblin (D:1)
  A quokka (D:1)
  2 frilled lizards (D:1)
8 creatures vanquished.

Notes
Turn   | Place    | Note
-------+----------+-------------------------------------------
     0 | D:1      | Alarkh the Demonspawn Gladiator began the quest for the
                  | Orb.
     0 | D:1      | Reached XP level 1. HP: 16/16 MP: 1/1
   173 | D:1      | Reached skill level 3 in Unarmed Combat
   184 | D:1      | Gained mutation: You are partially covered in yellow
                  | scales. (AC +2) [demonic ancestry]
   184 | D:1      | Reached XP level 2. HP: 16/22 MP: 2/2
   249 | D:$      | Got out of the dungeon alive.

Illustrated notes

Levels and vault maps discovered:
D:1:      matt_arrival_refuge, layout_rooms

Skill      XL: |  1 |
---------------+----+-----
Unarmed Combat | 3 |  3.1
Fighting       | |  2.2
Throwing       | |  1.7
Dodging        | |  2.6

Action                   || total
-------------------------++-------
Melee: Unarmed           ||    28
 Stab: Sleeping          ||     1
Armor: Leather armour    ||    10
Dodge: Dodged            ||    23

Table legend: (Time is in decaauts)
 A = Elapsed time spent in this place.
 B = Non-inter-level travel time spent in this place.
 C = Inter-level travel time spent in this place.
 D = Time resting spent in this place.
 E = Time spent auto-exploring this place.
 F = Levels seen in this place.
 G = Mean time per level.
                   A        B        C        D        E       F      G
               +--------+--------+--------+--------+--------+-----+--------+
         Total |    247 |    189 |     58 |      0 |    142 |   1 |  247.0 |
       Dungeon |    247 |    189 |     58 |      0 |    142 |   1 |  247.0 |
               +--------+--------+--------+--------+--------+-----+--------+

Top non-repeatable levels by time:
     D:1: 247 daAuts
